 Dungeon Crawl Stone Soup version 0.30-a0-629-gd54f4be4f7 (webtiles) character file.

Game seed: 12048269336010055381

56 porpoise the Chopper (level 3, -2/28 HPs)
             Began as a Demonspawn Gladiator on Jan 13, 2023.
             Slain by Grinder (6 damage)
             ... on level 3 of the Dungeon.
             The game lasted 00:05:35 (1881 turns).

porpoise the Chopper (Demonspawn Gladiator)         Turns: 1881, Time: 00:05:36

Health: -2/28      AC:  5    Str: 16    XL:     3   Next: 69%
Magic:  3/3        EV: 12    Int: 15    God:
Gold:   128        SH:  0    Dex: 14    Spells: 2/2 levels left

rFire   + . .      SeeInvis .    j - +2 dagger (elec)
rCold   + . .      Faith    .    (no shield)
rNeg    . . .      Spirit   .    f - +0 leather armour
rPois   +          Reflect  .    c - +0 helmet
rElec   +          Harm     .    (no cloak)
rCorr   +          Rampage  .    (no gloves)
Will    .....                    m - +0 pair of boots
Stlth   +                        (no amulet)
HPRegen 0.24/turn                i - +6 ring of intelligence
MPRegen 0.08/turn                (no ring)

@: resistant, attractive, hasted, very quick
A: demonic guardian 1, demonic magic 1, electricity resistance, MP-powered wands
a: no special abilities


You were on level 3 of the Dungeon.
You visited 1 branch of the dungeon, and saw 3 of its levels.

You collected 128 gold pieces.

Inventory:

Hand Weapons
 a - a +0 war axe
 b - a +0 sling
 j - a +2 dagger of electrocution (weapon)
Armour
 c - a +0 helmet (worn)
 f - a +0 leather armour (worn)
 m - a +0 pair of boots (worn)
Jewellery
 i - a +6 ring of intelligence (left hand)
Scrolls
 k - a scroll of vulnerability {unknown}
 n - a scroll of blinking {unknown}
 q - a scroll of identify {unknown}
Potions
 h - a potion of haste
 l - a potion of resistance
 p - a potion of curing {unknown}


   Skills:
 + Level 2.8 Fighting
 * Level 3.8 Axes
 - Level 1.7 Throwing
 - Level 2.6 Dodging


You had 2 spell levels left.
You didn't know any spells.
Your spell library contained the following spells:

 Spells                   Type           Power      Damage    Failure   Level
 Summon Small Mammal      Summ           0%         N/A       32%         1
 Call Canine Familiar     Summ           0%         N/A       69%         3
 Summon Guardian Golem    Hex/Summ       0%         N/A       69%         3


Dungeon Overview and Level Annotations

Branches:
Dungeon (3/15)

Altars:

Shops:
D:2 =

Annotations:
D:3 Grinder


Innate Abilities, Weirdness & Mutations

A weak demonic guardian rushes to your aid.
Spells you cast may paralyse adjacent enemies.
You are resistant to electric shocks. (rElec)
You expend magic power (3 MP) to strengthen your wands.


Message History

Grinder is heavily wounded.
Grinder gestures at you.
You suddenly lose the ability to move!
Grinder hits you but does no damage. Grinder hits you.
A demonic guardian appears!
You writhe in agony.
Grinder gestures at you.
You shrug off the repeated paralysis!
You can move again.
Unknown command.
You completely miss Grinder.
Grinder is heavily wounded.
You barely miss Grinder.
Grinder is heavily wounded.
Grinder gestures at you.
You shrug off the repeated paralysis!
You hit Grinder but do no damage. Lightning courses through Grinder!
Grinder is severely wounded.
Grinder blinks!
You swap places.
Grinder blinks!
Grinder gestures at you. Pain shoots through your body!
* * * LOW HITPOINT WARNING * * *
You are too injured to fight recklessly!
Unknown command.
It was a potion of resistance.
You feel protected.
It was a potion of attraction.
You feel attractive to monsters. Grinder is attracted toward you.
Okay, then.
It was a potion of mutation.
You feel extremely strange.
You feel insulated.
You feel your magical essence link to the dungeon's wands.
Grinder hits your shadow imp.
You swap places.
You hit Grinder but do no damage.
Grinder is severely wounded.
Grinder hits you.
You die...

...# ...## #...##
#.... #(..# #...#
#5..##
#######@...#
#......5..#.#
#.#......##
###.#.#..(##
#.(........##
#.#.####.:..#
#.#.####...#.....
#.#.....†..#.#...
#.....##.........


You could see Grinder (ally target) and a friendly shadow imp (summoned).

Vanquished Creatures
  An adder (D:2)
  3 endoplasms (D:1)
  A giant cockroach (D:1)
  5 goblins
  8 hobgoblins
  3 quokkas
  5 ball pythons
  5 bats
  2 frilled lizards (D:1)
  5 kobolds
  2 rats (D:1)
40 creatures vanquished.

Vanquished Creatures (collateral kills)
  A hobgoblin (D:2)
1 creature vanquished.

Grand Total: 41 creatures vanquished

Notes
Turn   | Place    | Note
-------+----------+-------------------------------------------
     0 | D:1      | porpoise the Demonspawn Gladiator began the quest for the
                  | Orb.
     0 | D:1      | Reached XP level 1. HP: 16/16 MP: 1/1
    76 | D:1      | Reached skill level 3 in Axes
   146 | D:1      | Gained mutation: Spells you cast may paralyse adjacent
                  | enemies. [demonic ancestry]
   146 | D:1      | Reached XP level 2. HP: 9/22 MP: 2/2
   718 | D:1      | Gained mutation: A weak demonic guardian rushes to your
                  | aid. [demonic ancestry]
   718 | D:1      | Reached XP level 3. HP: 28/28 MP: 3/3
  1098 | D:2      | Found a faded altar of an unknown god.
  1135 | D:2      | Found Ysaet's Jewellery Emporium.
  1841 | D:3      | Noticed Grinder
  1847 | D:3      | Paralysed by Grinder for 3 turns
  1854 | D:3      | Paralysed by Grinder for 2 turns
  1867 | D:3      | Paralysed by Grinder for 3 turns
  1879 | D:3      | Gained mutation: You are resistant to electric shocks.
                  | (rElec) [potion of mutation]
  1879 | D:3      | Gained mutation: You expend magic power (3 MP) to
                  | strengthen your wands. [potion of mutation]
  1881 | D:3      | Slain by Grinder

Illustrated notes

Levels and vault maps discovered:
D:1:      dpeg_arrival_stone_temple_mockup, layout_loops_corners,
          minmay_misc_feat_diagonals
D:2:      layout_loops_ring, chequers_ecumenical_altar_simple_redux,
          serial_shops, nicolae_shop_statue_plus
D:3:      layout_loops_cross, grunt_gozag_statues,
          nicolae_qazlal_general_emergency, uniq_grinder

Skill      XL: |  1 |
---------------+----+-----
Axes           | 3 |  3.8
Fighting       | |  2.8
Throwing       | |  1.7
Dodging        | |  2.6

Action                   || total
-------------------------++-------
Melee: War axe           ||   112
       Dagger            ||    10
       Punch             ||     1
 Fire: Sling             ||    33
Throw: Throwing net      ||     3
       Javelin           ||     1
  Use: Potion            ||     4
 Stab: Sleeping          ||     1
       Held in net/web   ||     1
Armor: Leather armour    ||    46
Dodge: Dodged            ||   110

Table legend: (Time is in decaauts)
 A = Elapsed time spent in this place.
 B = Non-inter-level travel time spent in this place.
 C = Inter-level travel time spent in this place.
 D = Time resting spent in this place.
 E = Time spent auto-exploring this place.
 F = Levels seen in this place.
 G = Mean time per level.
                   A        B        C        D        E       F      G
               +--------+--------+--------+--------+--------+-----+--------+
         Total |   1911 |   1862 |     49 |     72 |   1348 |   3 |  637.0 |
       Dungeon |   1911 |   1862 |     49 |     72 |   1348 |   3 |  637.0 |
               +--------+--------+--------+--------+--------+-----+--------+

Top non-repeatable levels by time:
     D:1: 1012 daAuts
     D:2: 810 daAuts
     D:3: 89 daAuts
